 Dungeon Crawl Stone Soup version 0.31.0-10-gcf4a605ca0 (webtiles) character file.

Game seed: 14532068054052925387

1495 DocClef the Shield-Bearer (level 8, -6/67 HPs)
             Began as a Gnoll Fighter on Jan 25, 2024.
             Was an Initiate of Gozag.
             Shot with an arrow by a centaur (12 damage)
             ... on level 6 of the Dungeon.
             The game lasted 00:09:13 (6652 turns).

DocClef the Shield-Bearer (Gnoll Fighter)           Turns: 6652, Time: 00:09:15

Health: -6/67      AC:  8    Str: 24    XL:     8   Next: 81%
Magic:  13/13      EV: 12    Int:  8    God:    Gozag
Gold:   426        SH:  5    Dex: 11    Spells: 14/14 levels left

rFire   . . .        a - +0 flail
rCold   . . .        c - +0 buckler
rNeg    . . .        d - +0 steam dragon scales
rPois   .            (no helmet)
rElec   .            f - +0 cloak
rCorr   .            (no gloves)
SInv    .            (no boots)
Will    .....        (no amulet)
Stlth   ++           n - +6 ring of strength
HPRegen 0.31/turn    (no ring)
MPRegen 0.13/turn

%: no passive effects
@: no status effects
A: fangs 1, strong nose, distributed training
a: Renounce Religion, Potion Petition, Call Merchant, Bribe Branch


You were on level 6 of the Dungeon.
You worshipped Gozag.
Gozag was aware of your devotion.
You visited 1 branch of the dungeon, and saw 6 of its levels.
You also visited: Sewer.

You collected 479 gold pieces.
You paid 53 gold pieces to Gozag.

Inventory:

Hand Weapons
 a - a +0 flail (weapon)
Armour
 b - a +0 scale mail
 c - a +0 buckler (worn)
 d - +0 steam dragon scales (worn)
 f - a +0 cloak (worn)
Jewellery
 i - an amulet of magic regeneration
 n - a +6 ring of strength (left hand)
Wands
 l - a wand of paralysis (7)
Scrolls
 j - 4 scrolls of identify {unknown}
 o - a scroll of revelation {unknown}
 q - a scroll of enchant armour {unknown}
 t - a scroll of fog {unknown}
 u - a scroll of teleportation {unknown}
Potions
 e - 2 potions of haste
 g - 2 potions of curing
 h - a potion of heal wounds
 k - 2 potions of brilliance {unknown}
 m - a potion of mutation {unknown}
 p - a potion of lignification {unknown}
 r - a potion of degeneration {unknown}
 s - a potion of berserk rage {unknown}


   Skills:
 + Level 7.6 Fighting
 + Level 3.7 Short Blades
 + Level 3.7 Long Blades
 + Level 3.7 Axes
 + Level 6.0 Maces & Flails
 + Level 3.7 Polearms
 + Level 3.7 Staves
 + Level 3.7 Ranged Weapons
 + Level 3.7 Throwing
 + Level 7.6 Armour
 + Level 3.7 Dodging
 + Level 3.7 Stealth
 + Level 7.6 Shields
 + Level 3.7 Unarmed Combat
 + Level 3.7 Spellcasting
 + Level 3.0 Conjurations
 + Level 3.0 Hexes
 + Level 3.0 Summonings
 + Level 3.0 Necromancy
 + Level 3.0 Translocations
 + Level 3.0 Fire Magic
 + Level 3.0 Ice Magic
 + Level 3.0 Air Magic
 + Level 3.0 Earth Magic
 + Level 3.0 Alchemy
 + Level 4.1 Invocations
 + Level 3.7 Evocations
 + Level 3.3 Shapeshifting


You had 14 spell levels left.
You didn't know any spells.
Your spell library contained the following spells:

 Spells                   Type           Power      Damage    Failure   Level
 Blink                    Tloc           12%        N/A       14%         2
 Lesser Beckoning         Tloc           12%        N/A       14%         2
 Momentum Strike          Conj/Tloc      12%        3d8       14%         2
 Frozen Ramparts          Ice            12%        1d2       28%         3
 Leda's Liquefaction      Alch/Erth      3%         N/A       67%         4
 Petrify                  Alch/Erth      6%         N/A       67%         4
 Metabolic Englaciation   Hex/Ice        3%         N/A       95%         5


Dungeon Overview and Level Annotations

Branches:
Dungeon (6/15)              Sewer (visited)
 Temple: D:4-7

Altars:
Dithmenos
Gozag
Makhleb
Ru
Wu Jian

Shops:
D:1 =   D:5 (


Innate Abilities, Weirdness & Mutations

You have very sharp teeth.
Your uncanny sense of smell can sniff out nearby items.
Your experience applies equally to all skills.


Message History

No target in view!
No target in view!
No target in view!
No target in view!
No target in view!
Found an ornate altar of the Wu Jian Council.
You now have 426 gold pieces (gained 9).
Found a hand axe.
A centaur comes into view.
A centaur is nearby!
Found a scroll labelled CIHA LANETION.
u - a scroll labelled CIHA LANETION The centaur shouts!
A centaur comes into view. x2
The centaur wields a +0 orcbow.
The centaur shoots an arrow.
The arrow hits you!
The centaur shouts!
The centaur wields a +0 orcbow.
The centaur shoots an arrow.
The arrow hits you.
A centaur comes into view.
The centaur shoots an arrow.
The arrow hits you!
The centaur shouts! x2
The centaur wields a +0 shortbow.
The centaur shoots an arrow.
You block the arrow.
The centaur wields a +3 shortbow.
The centaur shoots an arrow.
The arrow closely misses you.
The centaur shoots an arrow.
The arrow misses you.
The centaur shoots an arrow.
The arrow misses you.
The centaur shoots an arrow.
The arrow hits you!
The centaur shoots an arrow.
The arrow misses you.
The centaur shoots an arrow.
You block the arrow.
The centaur shoots an arrow.
The arrow closely misses you.
The centaur shoots an arrow.
The arrow hits you.
The centaur shoots an arrow.
The arrow hits you.
The centaur shoots an arrow.
The arrow barely misses you.
The centaur shoots an arrow.
The arrow hits you.
The centaur shoots an arrow.
The arrow hits you!
* * * LOW HITPOINT WARNING * * *
The centaur shoots an arrow.
The arrow hits you!
* * * LOW HITPOINT WARNING * * *
The centaur shoots an arrow.
The arrow hits you!
You die...
Your body crumbles into a pile of gold.

####
.....########
#.....@..#
≈≈≈≈≈.......#
≈≈≈≈≈≈≈≈....#
.≈≈≈≈≈≈≈≈...#
...≈≈≈≈≈≈...#
..cc≈≈≈≈≈##.#
#..c≈≈≈≈≈...#
#...c≈≈≈≈...#
...≈≈≈#...#


You could see 4 centaurs.

Vanquished Creatures
  Pargi (Sewer)
  2 black bears
  A scorpion (D:4)
  2 jellies (Sewer)
  A gnoll bouda (D:5)
  4 orc priests
  A hound (D:4)
  A sleepcap (D:5)
  6 iguanas
  An orc wizard (D:5)
  Natasha (D:2)
  6 gnolls
  3 adders
  An ufetubus (D:6)
  3 dart slugs
  4 ribbon worms
  14 orcs
  6 ball pythons
  5 bats
  An endoplasm (D:3)
  8 giant cockroaches
  7 hobgoblins
  A quokka (D:4)
  9 frilled lizards
  11 goblins
  10 kobolds
  10 rats
120 creatures vanquished.

Vanquished Creatures (collateral kills)
  Maggie (D:6)
  A steam dragon (D:6)
  A scorpion (D:6)
  A gnoll (D:4)
  A kobold (D:4)
5 creatures vanquished.

Vanquished Creatures (others)
  An ufetubus (D:6)
1 creature vanquished.

Grand Total: 126 creatures vanquished

Notes
Turn   | Place    | Note
-------+----------+-------------------------------------------
     0 | D:1      | DocClef the Gnoll Fighter began the quest for the Orb.
     0 | D:1      | Reached XP level 1. HP: 23/23 MP: 1/1
   147 | D:1      | Reached XP level 2. HP: 29/29 MP: 2/2
   475 | D:1      | Found a faded altar of an unknown god.
   519 | D:1      | Found Riokol's Jewellery Shoppe.
  1065 | D:2      | Reached XP level 3. HP: 35/35 MP: 3/3
  1360 | D:2      | Reached skill level 1 in Invocations
  1578 | D:2      | Noticed Natasha
  1583 | D:2      | Killed Natasha
  1584 | D:2      | Reached skill level 1 in Short Blades
  1584 | D:2      | Reached skill level 1 in Long Blades
  1584 | D:2      | Reached skill level 1 in Axes
  1584 | D:2      | Reached skill level 1 in Polearms
  1584 | D:2      | Reached skill level 1 in Staves
  1584 | D:2      | Reached skill level 1 in Ranged Weapons
  1584 | D:2      | Reached skill level 1 in Throwing
  1584 | D:2      | Reached skill level 1 in Dodging
  1584 | D:2      | Reached skill level 1 in Stealth
  1584 | D:2      | Reached skill level 1 in Unarmed Combat
  1584 | D:2      | Reached skill level 1 in Spellcasting
  1584 | D:2      | Reached skill level 1 in Evocations
  1584 | D:2      | Reached skill level 1 in Shapeshifting
  1584 | D:2      | Reached XP level 4. HP: 32/41 MP: 5/5
  2301 | D:3      | Reached skill level 1 in Conjurations
  2301 | D:3      | Reached skill level 1 in Hexes
  2301 | D:3      | Reached skill level 1 in Summonings
  2301 | D:3      | Reached skill level 1 in Necromancy
  2301 | D:3      | Reached skill level 1 in Translocations
  2301 | D:3      | Reached skill level 1 in Fire Magic
  2301 | D:3      | Reached skill level 1 in Ice Magic
  2301 | D:3      | Reached skill level 1 in Air Magic
  2301 | D:3      | Reached skill level 1 in Earth Magic
  2301 | D:3      | Reached skill level 1 in Alchemy
  2395 | D:3      | Found a glowing drain.
  2432 | Sewer    | Entered a sewer
  2449 | Sewer    | Reached XP level 5. HP: 11/47 MP: 5/7
  2623 | Sewer    | Noticed Pargi
  2628 | Sewer    | Killed Pargi
  2629 | Sewer    | Reached XP level 6. HP: 46/53 MP: 8/8
  2712 | Sewer    | Reached skill level 5 in Maces & Flails
  4204 | D:4      | Reached XP level 7. HP: 29/60 MP: 10/10
  4500 | D:4      | Found an opulent altar of Gozag.
  4550 | D:4      | Became a worshipper of Gozag Ym Sagoz the Greedy
  4563 | D:5      | Entered Level 5 of the Dungeon
  5556 | D:5      | Found a sacrificial altar of Ru.
  5761 | D:5      | Found a burning altar of Makhleb.
  5761 | D:5      | Found a shadowy altar of Dithmenos.
  6098 | D:5      | Reached XP level 8. HP: 65/67 MP: 12/12
  6109 | D:5      | Found Kinonoph's Weapon Emporium.
  6318 | D:6      | Noticed Maggie
  6330 | D:6      | Killed Maggie
  6616 | D:6      | Found an ornate altar of the Wu Jian Council.
  6652 | D:6      | Shot with an arrow by a centaur

Illustrated notes

Levels and vault maps discovered:
D:1:      evilmike_arrival_hilbert_curve, layout_basic, serial_shops, shop,
          shapermc_ecumenical_altar_hornbeckon
D:2:      layout_basic, feat_on_display, uniq_natasha
D:3:      layout_loops_corners, mainiacjoe_sewer_entry_somewhere_in_here_1,
          kennysheep_cluttered_room
D:4:      layout_cave_pods, nicolae_gozag_seed_capital
D:5:      layout_rooms, gammafunk_temple_overflow_wave,
          lemuel_coloured_pillars_altar, serial_shops, shop
D:6:      layout_basic, mainiacjoe_overflow_boulevard, chequers_arboretum,
          centaur_isle, uniq_maggie

Skill      XL: |  1  2  3  4  5  6  7  8 |
---------------+-------------------------+-----
Invocations    | 1 2 3 4 |  4.1
Short Blades   | 1 2 3 |  3.7
Long Blades    | 1 2 3 |  3.7
Axes           | 1 2 3 |  3.7
Polearms       | 1 2 3 |  3.7
Staves         | 1 2 3 |  3.7
Ranged Weapons | 1 2 3 |  3.7
Throwing       | 1 2 3 |  3.7
Dodging        | 1 2 3 |  3.7
Stealth        | 1 2 3 |  3.7
Unarmed Combat | 1 2 3 |  3.7
Spellcasting   | 1 2 3 |  3.7
Evocations     | 1 2 3 |  3.7
Shapeshifting  | 1 2 3 |  3.3
Conjurations   | 1 2 3 |  3.0
Hexes          | 1 2 3 |  3.0
Summonings     | 1 2 3 |  3.0
Necromancy     | 1 2 3 |  3.0
Translocations | 1 2 3 |  3.0
Fire Magic     | 1 2 3 |  3.0
Ice Magic      | 1 2 3 |  3.0
Air Magic      | 1 2 3 |  3.0
Earth Magic    | 1 2 3 |  3.0
Alchemy        | 1 2 3 |  3.0
Maces & Flails | 5 6 |  6.0
Fighting       | 7 |  7.6
Armour         | 7 |  7.6
Shields        | 7 |  7.6

Action                     |  1- 3 |  4- 6 |  7- 9 || total
---------------------------+-------+-------+-------++-------
  Melee: Flail             |   109 |   197 |   168 ||   474
         Bite              |    10 |    17 |    16 ||    43
    Use: Potion            |       |     1 |     3 ||     4
         Scroll            |       |     1 |     2 ||     3
   Stab: Sleeping          |       |       |     1 ||     1
 Armour: Scale mail        |    69 |   131 |   132 ||   332
         Steam dragon scal |       |       |    14 ||    14
  Dodge: Dodged            |    28 |    81 |   105 ||   214
  Block: Buckler           |    26 |    59 |    67 ||   152
